 Dungeon Crawl Stone Soup version 0.30-a0-1018-g25214051b3 (webtiles) character file.

Game seed: 3957317392926989145

31 Zeldest the Covert (level 3, -9/22 HPs)
             Began as a Vampire Delver on Apr 8, 2023.
             Mangled by a yak (13 damage)
             ... on level 6 of the Dungeon.
             The game lasted 00:01:11 (86 turns).

Zeldest the Covert (Vampire Delver)                   Turns: 86, Time: 00:01:11

Health: -9/22      AC:  3    Str: 11    XL:     3   Next: 7%
Magic:  3/3        EV: 12    Int: 12    God:
Gold:   15         SH:  0    Dex: 17    Spells: 2/2 levels left

rFire   . . .      SeeInvis +    a - +0 short sword
rCold   + + .      Faith    .    (no shield)
rNeg    + + +      Spirit   .    b - +0 leather armour
rPois   ∞          Reflect  .    (no helmet)
rElec   .          Rampage  .    (no cloak)
rCorr   .                        (no gloves)
Will    .....                    (no boots)
Stlth   ++++++                   (no amulet)
HPRegen 0.00/turn                (no ring)
MPRegen 0.08/turn                (no ring)

@: bloodless, inhibited regen
A: bloodless, fangs 3, see invisible, vampiric 2
a: Bat Form, Revivify


You were on level 6 of the Dungeon.
You visited 1 branch of the dungeon, and saw 2 of its levels.

You collected 15 gold pieces.

Inventory:

Hand Weapons
 a - a +0 short sword (weapon)
Armour
 b - a +0 leather armour (worn)
Wands
 g - a wand of digging (3)
Scrolls
 c - a scroll of fog
 d - a scroll of magic mapping
Potions
 f - a potion of haste


   Skills:
 - Level 2.6 Fighting
 + Level 2.9 Short Blades
 - Level 2.1 Dodging
 * Level 8.2 Stealth


You had 2 spell levels left.
You didn't know any spells.
Your spell library was empty.

Dungeon Overview and Level Annotations

Branches:
Dungeon (6/15) Zot: 11915
 Temple: D:4-7

Altars:


Innate Abilities, Weirdness & Mutations

You do not regenerate when monsters are visible.
You are frail without blood (-20% HP).
You can heal yourself when you bite living creatures.
You are immune to poison.
You have razor-sharp teeth.
You have supernaturally acute eyesight. (SInv)
You are afflicted with vampirism and can become a bat while bloodless.


Message History

The ice beast attacks as you move away! The ice beast hits you.
The ice beast freezes you. You resist.
As you read the scroll of fear, it crumbles to dust.
You assume a fearsome visage.
The ice beast looks frightened!
The jelly looks frightened!
The jelly quivers.
The orc wizard looks frightened!
The orc wizard casts a spell.
The orc wizard flickers and vanishes for a moment.
You hear a shout! x2
There is a stone staircase leading down, spattered with blood here.
Okay, then.
Okay, then.
You hit the orc but do no damage. The orc completely misses you.
You hit the orc.
The orc is lightly wounded.
The orc misses you.
You hit the orc but do no damage.
The orc is lightly wounded.
The orc hits you with a +2 flail of protection.
You closely miss the orc. You punch the orc, but do no damage.
The orc is lightly wounded.
The orc closely misses you.
You hit the orc but do no damage.
The orc is lightly wounded.
The orc closely misses you.
You closely miss the orc.
The orc hits you with a +2 flail of protection!
* * * LOW HITPOINT WARNING * * *
You climb downwards.
Found a scroll labelled AGRAAV IXIGAI.
There is a stone staircase leading up here.
The helpless yak fails to defend itself.
You bite the yak, and draw its blood!
You feel better.
You impale the yak!! Your bite misses the yak.
The yak is almost dead.
The orc barely misses you. The yak attacks as you move away! The yak gores you!
Ouch! That really hurt!
You die...

# ## #. Y# #
#.#####.# .
#.......#?#
##.....Y.#.####
#......Y.......
#..........##
#...Y.Y<.Y..##
#.....@o.......
#...........###
#..##.#......#
#. #.#..###.# #
.....# 5.
####..# # ##..
.#.


You could see 6 yaks, an orc and an ufetubus (asleep).

Vanquished Creatures
  A hound (D:5)
1 creature vanquished.

Notes
Turn   | Place    | Note
-------+----------+-------------------------------------------
     0 | D:5      | Zeldest the Vampire Delver began the quest for the Orb.
     0 | D:5      | Reached XP level 1. HP: 17/17 MP: 1/1
     9 | D:5      | Noticed a hound
    16 | D:5      | Killed a hound
    17 | D:5      | Reached skill level 8 in Stealth
    17 | D:5      | Reached XP level 2. HP: 18/18 MP: 2/2
    17 | D:5      | Gained mutation: You are afflicted with vampirism and can
                  | become a bat while bloodless. [Vampire growth]
    17 | D:5      | Reached XP level 3. HP: 22/22 MP: 3/3
    40 | D:5      | Noticed a steam dragon
    41 | D:5      | Noticed a scorpion
    54 | D:5      | Noticed an ice beast
    56 | D:5      | Noticed an ice beast
    82 | D:5      | HP: 1/22 [orc/+2 flail of protection (8)]
    83 | D:6      | Noticed a yak
    83 | D:6      | Noticed a yak
    83 | D:6      | Noticed a yak
    83 | D:6      | Noticed a yak
    83 | D:6      | Noticed a yak
    83 | D:6      | Noticed a yak
    86 | D:6      | Mangled by a yak

Illustrated notes

Levels and vault maps discovered:
D:5:      layout_rooms, overflow_temple_1_default, sigmund_army,
          uniq_blork_the_orc, uniq_eustachio
D:6:      layout_loops_ring, nicolae_overflow_two_pavilions

Skill      XL: |  1 |
---------------+----+-----
Stealth        | 8 |  8.2
Fighting       | |  2.6
Short Blades   | |  2.9
Dodging        | |  2.1

Action                     || total
---------------------------++-------
  Melee: Short sword       ||     9
         Punch             ||     1
Ability: Exsanguinate      ||     1
    Use: Scroll            ||     1
   Stab: Sleeping          ||     3
 Armour: Leather armour    ||     1
  Dodge: Dodged            ||     5

Table legend: (Time is in decaauts)
 A = Elapsed time spent in this place.
 B = Non-inter-level travel time spent in this place.
 C = Inter-level travel time spent in this place.
 D = Time resting spent in this place.
 E = Time spent auto-exploring this place.
 F = Levels seen in this place.
 G = Mean time per level.
                   A        B        C        D        E       F      G
               +--------+--------+--------+--------+--------+-----+--------+
         Total |     84 |     84 |      0 |      0 |      0 |   2 |   42.0 |
       Dungeon |     84 |     84 |      0 |      0 |      0 |   2 |   42.0 |
               +--------+--------+--------+--------+--------+-----+--------+

Top non-repeatable levels by time:
     D:5: 81 daAuts
     D:6: 2 daAuts
